[Event "Late-Titled-Tuesday-Blitz-February-20-2024"]
[Site "Chess.com"]
[Date "2024.02.20"]
[Round "1"]
[White "Practical-Play"]
[Black "NtcPou"]
[Result "1-0"]
[WhiteElo "2532"]
[BlackElo "2007"]
[TimeControl "180+1"]
[EndTime "14:07:11 PST"]
[Termination "Practical-Play won on time"]

1. e4 c6 2. c4 d5 3. cxd5 cxd5 4. exd5 Nf6 5. Nc3 g6 6. h4 Bg7 7. Bb5+ Nbd7 8. d4 a6 9. Be2 b5 10. Bf3 Bb7 11. h5 gxh5 12. a3 Nb6 13. Bxh5 Nbxd5 14. Nf3 Rc8 15. Ne5 Nxh5 16. Qxh5 Bxe5 17. Qxe5 Rg8 18.
Rxh7 Nxc3 19. bxc3 Rxc3 20. Bd2 Rc4 21. Qf5 Rf8 22.
Bh6 Qxd4 23. Rd1 Qe4+ 24. Qxe4 Bxe4 25. Rg7 Rh8 26. Be3 Bxg2 27. Rxg2 Rh1+ 28. Ke2 Rc2+ 29. Bd2 Rh8 30. Ra1 f6 31. Kd3 Rb2 32. a4 Rb3+ 33. Kc2 Rf3 34. axb5 axb5 35. Ra8+ 1-0

[Event "Late-Titled-Tuesday-Blitz-February-20-2024"]
[Site "Chess.com"]
[Date "2024.02.20"]
[Round "1"]
[White "bazar-wokzal"]
[Black "czasnaszachy"]
[Result "0-1"]
[WhiteElo "2676"]
[BlackElo "2392"]
[TimeControl "180+1"]
[EndTime "14:07:12 PST"]
[Termination "czasnaszachy won by resignation"]

1. e4 e5 2. Bc4 Nc6 3. f4 exf4 4. d4 g5 5. h4 Bg7 6. c3 h6 7. hxg5 Qxg5 8. Nf3 Qg3+ 9. Kf1 d6 10. Bd2 Nf6 11. Qe2 Bg4 12. Be1 Bxf3 13. gxf3 Qg6 14. Rg1 Qh7 15. Nd2 O-O-O 16. Bxf7 Rhf8 17. Bg6 Qh8 18. Bf5+ Kb8 19. Qg2 Nh5 20. Qg4 Ng3+ 21. Bxg3 fxg3 22. Rxg3 Bxd4 23. cxd4 Qxd4 24. Nb3 Qxb2 25. Qf4 d5 26. Re1 Qxa2 27. Nc5 Qc4+ 28. Kg2 Qxc5 29. Qe3 Qxe3 30. Rxe3 d4 31. Rd3 Ne5 32.
Rd1 c5 33. f4 Nc4 34. Kf2 Ne3 35. Rc1 Nxf5 36. exf5 Rxf5 37. Rf3 Rdf8 38. Kg3 b6 39. Kg4 h5+ 40. Kg3 Rg8+ 41. Kf2 Rg4 42. Re1 Rgxf4 43. Rxf4 Rxf4+ 44. Kg3 Rg4+ 45. Kf3 d3 46. Rh1 Rd4 0-1

[Event "Late-Titled-Tuesday-Blitz-February-20-2024"]
[Site "Chess.com"]
[Date "2024.02.20"]
[Round "1"]
[White "SouS007"]
[Black "sergiochess83"]
[Result "1-0"]
[WhiteElo "2485"]
[BlackElo "2906"]
[TimeControl "180+1"]
[EndTime "14:07:16 PST"]
[Termination "SouS007 won on time"]

1. e4 e6 2. d4 d5 3. Nc3 Nf6 4.
e5 Nfd7 5. Nce2 c5 6. c3 Nc6 7.
Nf3 b5 8. Nf4 Qb6 9. Be2 a5 10.
O-O Ba6 11. Be3 b4 12. c4 Bxc4 13. Bxc4 dxc4 14. d5 Ncxe5 15. dxe6 fxe6 16. Nxe5 Nxe5 17. Qh5+ Nf7 18. Rfe1 e5 19. Rad1 Qc6 20. Bxc5 g6 21.
Rxe5+ Nxe5 22. Qxe5+ Kf7 23. Qxh8 Bg7 24. Qxh7 Rh8 25.
Rd7+ Qxd7 26. Qxg6+ Kg8 27. h3 Rh6 28. Qe4 c3 29. Qa8+ Kf7 30. bxc3 bxc3 31. Qe4 Qc6 32. Qc4+ Re6 33. Nxe6 Qxe6 34. Qf4+ Kg8 35. Bd4 c2 36. Qb8+ Kh7 37. Qc7 1-0

[Event "Late-Titled-Tuesday-Blitz-February-20-2024"]
[Site "Chess.com"]
[Date "2024.02.20"]
[Round "1"]
[White "SharathRk6"]
[Black "jk13"]
[Result "1-0"]
[WhiteElo "2400"]
[BlackElo "2710"]
[TimeControl "180+1"]
[EndTime "14:07:17 PST"]
[Termination "SharathRk6 won by resignation"]

1. e4 e5 2. Nf3 Nc6 3. Bc4 Bc5 4. c3 Nf6 5. d3 O-O 6. O-O d5 7. exd5 Nxd5 8. Nbd2 Bg4 9. h3 Bh5 10. Ne4 Be7 11.
Ng3 Bg6 12. Re1 Nb6 13. Bb5 f6 14. d4 exd4 15. Bxc6 bxc6 16. Nxd4 Bd6 17. Ne6 Qd7 18. Nxf8 Rxf8 19. Be3 Kh8 20. Qf3 Nc4 21. b3 Ne5 22. Qe2 c5 23. Rad1 Qc6 24. f4 Nd7 25. Qf3 Qa6 26. Rd2 f5 27. Bf2 Nf6 28. Re6 Ne4 29. Nxe4 fxe4 30. Qe2 Qc8 31. Rxg6 hxg6 32. Qxe4 Bxf4 33. Re2 Qf5 34. Qxf5 Rxf5 35. Re6 Bh2+ 36. Kxh2 Rxf2 37. Ra6 Rc2 38. c4 Kh7 39. Rxa7 c6 40.
Ra6 Rb2 41. Rxc6 Rxa2 42. Rxc5 Rb2 43. Rb5 Kh6 44. c5 Kg5 45. c6+ Kf4 46. b4 Rc2 47. Rc5 Rb2 48. c7 1-0

[Event "Late-Titled-Tuesday-Blitz-February-20-2024"]
[Site "Chess.com"]
[Date "2024.02.20"]
[Round "1"]
[White "Hikaru"]
[Black "PositionalPanther"]
[Result "1-0"]
[WhiteElo "3246"]
[BlackElo "2516"]
[TimeControl "180+1"]
[EndTime "14:07:18 PST"]
[Termination "Hikaru won by resignation"]

1. h3 d5 2. Nf3 Nf6 3. c4 c6 4.
Qc2 dxc4 5. Qxc4 Be6 6. Qc2 Bd5 7. d3 Bxf3 8. gxf3 g6 9. b3 Bg7 10. Bb2 Nbd7 11. e3 Qa5+ 12. Nd2 O-O 13. a3 Rfe8 14.
f4 e5 15. fxe5 Nxe5 16. Be2 Rad8 17. O-O-O Nd5 18. d4 Nd7 19. h4 c5 20. Nc4 Qc7 21.
Bf3 N7b6 22. dxc5 Bxb2+ 23. Kxb2 Qxc5 24. Nxb6 Qxc2+ 25. Kxc2 Nxb6 26. Bxb7 Rb8 27. Ba6 Re7 28. Rd4 Rc7+ 29. Kb2 Nd7 30. Bc4 Ne5 31. Rc1 Nxc4+ 32. Rcxc4 Rcb7 33. b4 a5 34. Kb3 h5 35. Rc5 axb4 36.
Rxb4 Rxb4+ 37. axb4 Kg7 38. b5 Kf6 39. Kb4 Ke6 40.
f4 f6 41. e4 Kd6 42. Rc6+ Ke7 43. b6 g5 44. hxg5 fxg5 45. fxg5 h4 46. Rh6 Rg8 47.
Rxh4 Rxg5 48. b7 Rg8 49. Kb5 Kd7 50. Kb6 Rg6+ 51. Ka7 Rg1 52. b8=Q 1-0

[Event "Late-Titled-Tuesday-Blitz-February-20-2024"]
[Site "Chess.com"]
[Date "2024.02.20"]
[Round "1"]
[White "JackRodgers"]
[Black "larsmandreassen"]
[Result "1-0"]
[WhiteElo "2553"]
[BlackElo "2185"]
[TimeControl "180+1"]
[EndTime "14:07:18 PST"]
[Termination "JackRodgers won on time"]

1. d4 d5 2. c4 e6 3. Nc3 c5 4. cxd5 cxd4 5. Qxd4 Nc6 6. Qd1 exd5 7. Qxd5 Bd7 8. Nf3 Nf6 9. Qd1 Bc5 10. e3 Rg8 11. Bc4 g5 12. h3 h5 13. Nd5 Nxd5 14. Qxd5 Qe7 15. Bd2 Be6 16. Qe4 O-O-O 17. Bxe6+ fxe6 18. Rc1 g4 19. Ne5 Nxe5 20. Qxe5 Rd5 21. Qe4 Kb8 22. a3 g3 23. Rf1 Qd6 24. Bc3 Rd8 25.
Ke2 Rd2+ 26. Bxd2 Qxd2+ 27. Kf3 Rf8+ 28. Kxg3 Bd6+ 29. f4 Rg8+ 30. Kh2 Be7 31. Qf3 Bh4 32. Kh1 1-0

[Event "Late-Titled-Tuesday-Blitz-February-20-2024"]
[Site "Chess.com"]
[Date "2024.02.20"]
[Round "1"]
[White "semchik73"]
[Black "Hongjin"]
[Result "1-0"]
[WhiteElo "2422"]
[BlackElo "2748"]
[TimeControl "180+1"]
[EndTime "14:07:19 PST"]
[Termination "semchik73 won by checkmate"]

1. Nf3 d5 2. c4 e6 3. d4 Nf6 4. Nc3 Be7 5. Bg5 O-O 6. e3 h6 7. Bh4 Nbd7 8. Bd3 c5 9. O-O b6 10. cxd5 Nxd5 11. Bxe7 Nxe7 12. Bc2 Bb7 13. Qd3 Nf6 14.
Ne5 Nf5 15. Rfd1 Nh4 16. Ng4 Ng6 17. Nxf6+ Qxf6 18. dxc5 Qg5 19. Ne4 Bxe4 20. Qxe4 Qxc5 21. Rac1 Rac8 22. h4 h5 23. Qf3 Nxh4 24. Qg3 Nf5 25. Qg5 g6 26. e4 Nd4 27. Qxc5 bxc5 28. Bd3 Rfd8 29. f3 g5 30. Kf2 Kg7 31. Ba6 Rc6 32. Bb5 Rc7 33. b4 Rb8 34. Rxd4 Rxb5 35. Rdc4 Rd7 36.
bxc5 Rd2+ 37. Ke3 Rxg2 38. c6 Rb8 39. c7 Rc8 40. Rd1 Rxa2 41. Rd8 Ra3+ 42. Kf2 Ra2+ 43. Kg3 h4+ 44. Kh3 Rxc7 45. Rxc7 Rf2 46. Rd3 Kg6 47.
Rxa7 f5 48. exf5+ exf5 49. Rd6+ Kh5 50. Rh7# 1-0

[Event "Late-Titled-Tuesday-Blitz-February-20-2024"]
[Site "Chess.com"]
[Date "2024.02.20"]
[Round "1"]
[White "TheKingDoctor"]
[Black "Fonsofan"]
[Result "0-1"]
[WhiteElo "2362"]
[BlackElo "2680"]
[TimeControl "180+1"]
[EndTime "14:07:20 PST"]
[Termination "Fonsofan won by resignation"]

1. d4 b5 2. Nf3 Bb7 3. g3 Nf6 4. Bg2 e6 5. O-O c5 6. c3 Qb6 7.
Re1 Be7 8. Nbd2 Ne4 9. Qc2 f5 10. a4 a6 11. Ne5 Nxd2 12. Bxb7 Qxb7 13. Bxd2 O-O 14. axb5 axb5 15. Rxa8 Qxa8 16. Qb3 Qb7 17. Ra1 Nc6 18. Nxc6 Qxc6 19. Be3 c4 20. Qa2 Rb8 21. Qa6 Kf7 22. Qxc6 dxc6 23. Ra6 Rc8 24. h4 Bd6 25.
Ra7+ Rc7 26. Ra8 e5 27. Kg2 Ke6 28. dxe5 Bxe5 29. Bc5 Kd5 30. Bb6 Rb7 31. Rd8+ Bd6 32.
Be3 Ke6 33. Bd4 c5 34. Be3 b4 35. h5 Be5 36. Re8+ Kd5 37. Rd8+ Kc6 38. Rc8+ Rc7 39. Rxc7+ Kxc7 40. Bd2 Kc6 41. Kf3 Kb5 42. e4 g6 43.
g4 Ka4 44. exf5 gxf5 45. gxf5 Kb3 46. Ke4 Bf6 47. cxb4 cxb4 48. Kd5 Bxb2 49. Ke6 c3 50. f6 cxd2 51. f7 Bg7 52. h6 Bxh6 0-1

[Event "Late-Titled-Tuesday-Blitz-February-20-2024"]
[Site "Chess.com"]
[Date "2024.02.20"]
[Round "1"]
[White "lluiss"]
[Black "laziestwin"]
[Result "0-1"]
[WhiteElo "2191"]
[BlackElo "2560"]
[TimeControl "180+1"]
[EndTime "14:07:21 PST"]
[Termination "laziestwin won on time"]

1. Nf3 d5 2. d4 Nf6 3. c4 c6 4. cxd5 cxd5 5. Nc3 Nc6 6. Bf4 a6 7. e3 Bg4 8. Be2 e6 9. O-O Bd6 10. Bxd6 Qxd6 11. Ne1 Bf5 12. Bd3 g6 13. Rc1 O-O 14. Bxf5 gxf5 15. Nd3 Rac8 16. Qd2 Kh8 17. f3 Na5 18. b3 Nc6 19. Rc2 Rc7 20. Rfc1 Rfc8 21.
Na4 Ne7 22. Ne5 Kg7 23. Qf2 Ng6 24.
f4 Ne4 25. Qe2 b5 26. Nb2 Rxc2 27. Rxc2 Rxc2 28. Qxc2 Nxe5 29. fxe5 Qe7 30. Nd3 Qg5 31. Nf4 Qh4 32. Qc1 Qf2+ 33. Kh1 Qxa2 34. Qe1 Qf2 35.
Qxf2 Nxf2+ 36. Kg1 Nd1 37. Nd3 a5 38. Nc5 Nxe3 0-1

[Event "Late-Titled-Tuesday-Blitz-February-20-2024"]
[Site "Chess.com"]
[Date "2024.02.20"]
[Round "1"]
[White "ImportedItalianMaple"]
[Black "shirovin"]
[Result "1-0"]
[WhiteElo "2538"]
[BlackElo "2093"]
[TimeControl "180+1"]
[EndTime "14:07:21 PST"]
[Termination "ImportedItalianMaple won on time"]

1. Nf3 Nf6 2. g3 g6 3. Bg2 Bg7 4. O-O d5 5. d4 c6 6. c4 dxc4 7. Na3 Be6 8. Ne5 Bd5 9. f3 O-O 10. e4 Be6 11. Naxc4 Nfd7 12. Be3 Nxe5 13. Nxe5 Nd7 14. Nxd7 Qxd7 15. Qd2 Rfd8 16. Rfd1 a5 17. Qf2 a4 18. Rd2 h5 19. a3 Bb3 20. Rc1 Rac8 21. h4 Qc7 22. Bh3 e6 23. d5 Qa5 24.
Bb6 Qa6 25. Bxd8 Rxd8 26. dxe6 Rxd2 27. exf7+ Kxf7 28. Qxd2 Qb6+ 29. Kg2 Bd4 30. Re1 c5 31. Re2 Bc4 32. Qf4+ Kg7 33. Rd2 Bf7 34. g4 hxg4 35. Bxg4 Bxb2 36. h5 Bd4 37. h6+ Kf8 38. e5 Qa5 39. e6 1-0

[Event "Late-Titled-Tuesday-Blitz-February-20-2024"]
[Site "Chess.com"]
[Date "2024.02.20"]
[Round "1"]
[White "bancsoo"]
[Black "DonJuan_34"]
[Result "1-0"]
[WhiteElo "2904"]
[BlackElo "2465"]
[TimeControl "180+1"]
[EndTime "14:07:22 PST"]
[Termination "bancsoo won by resignation"]

1. d4 Nf6 2. Nf3 g6 3. g3 Bg7 4. Bg2 O-O 5. O-O d6 6. Re1 Nbd7 7. e4 e5 8. Nc3 c6 9. a4 a5 10. b3 Qc7 11. Ba3 Rd8 12. d5 Nf8 13. Nd2 b5 14. axb5 cxd5 15. Nxd5 Nxd5 16. exd5 e4 17. Nxe4 Bf5 18.
Rc1 Bxe4 19. Bxe4 Bc3 20. Re2 Nd7 21. Bg2 Ne5 22. Rb1 Rdb8 23. Re3 Rxb5 24. Bxd6 Qxd6 25. Rxc3 a4 26. bxa4 Rxb1 27. Qxb1 Rxa4 28. h3 h5 29. Rc8+ Kg7 30. Qb8 Ra1+ 31. Kh2 Qxb8 32. Rxb8 Rc1 33. Rc8 h4 34. gxh4 Kf6 35. f4 Nd7 36. c4 Ke7 37. Rc6 Rc2 38. Kg3 Nb8 39. Rc7+ Nd7 40. f5 Rc3+ 41.
Kf4 gxf5 42. h5 Kd8 43. Rc6 f6 44. h6 Nf8 45. Kxf5 Ke7 46. h7 Rg3 47. h8=Q 1-0

[Event "Late-Titled-Tuesday-Blitz-February-20-2024"]
[Site "Chess.com"]
[Date "2024.02.20"]
[Round "1"]
[White "KamilGrycel"]
[Black "campochess"]
[Result "0-1"]
[WhiteElo "2531"]
[BlackElo "2163"]
[TimeControl "180+1"]
[EndTime "14:07:22 PST"]
[Termination "campochess won by resignation"]

1. d4 Nf6 2. Nf3 g6 3. Bf4 Bg7 4. e3 d6 5. h3 c6 6. c3 a5 7. Be2 Na6 8. Nbd2 Nc7 9. O-O O-O 10. Re1 Re8 11. Bh2 Nd7 12. a4 e5 13. Nc4 Nd5 14.
Nxd6 Re6 15. Nxc8 Rxc8 16. Qb3 e4 17. Nd2 b6 18. Bc4 N7f6 19. Be5 Nd7 20. Bxg7 Kxg7 21. Bxd5 cxd5 22. Qxd5 Qe7 23. Qb3 Nf6 24. Nc4 Qc7 25.
Ne5 Nd7 26. Nxd7 Qxd7 27. Red1 Rf6 28. d5 Qf5 29. Rd2 Rd6 30. Rad1 Rcd8 31. c4 g5 32. Qc3+ Kg8 33. c5 bxc5 34. Qxc5 Rg6 35. Qxa5 Rdd6 36. Rc1 g4 37. Rc8+ Kg7 38. Qc3+ Kh6 39. h4 g3 40. fxg3 Rxg3 41. Rf2 Qg4 42. Qd2 Qxc8 43. Rxf7 Qg4 44.
Rf2 Rg6 45. d6 Qxh4 46. d7 Qd8 47. Qd6 Rxd6 0-1

[Event "Late-Titled-Tuesday-Blitz-February-20-2024"]
[Site "Chess.com"]
[Date "2024.02.20"]
[Round "1"]
[White "RichardShtivelband"]
[Black "Mikhail_Golubev"]
[Result "1-0"]
[WhiteElo "2346"]
[BlackElo "2615"]
[TimeControl "180+1"]
[EndTime "14:07:25 PST"]
[Termination "RichardShtivelband won on time"]

1. d4 Nf6 2. c4 g6 3. Nf3 Bg7 4. Nc3 O-O 5. e4 d6 6. Be2 e5 7.
d5 Qe8 8. O-O Na6 9. Ne1 Nc5 10.
f3 a5 11. Be3 Qe7 12. Nd3 b6 13. a3 Nh5 14. b4 axb4 15. axb4 Rxa1 16. Qxa1 Nxd3 17. Bxd3 Nf4 18. Qd1 Qg5 19. Qd2 Bd7 20. Ra1 f5 21. Kh1 Qd8 22. Bf1 Nh5 23. Ra7 Nf6 24. Bd3 fxe4 25. Nxe4 Nxe4 26. Bxe4 Bf5 27. g3 Bxe4 28. fxe4 Qc8 29. Kg2 Qg4 30. Rxc7 Qf3+ 31.
Kh3 h5 32. Rxg7+ Kxg7 33. Bh6+ Kf6 34. Bxf8 g5 35. Be7+ Kxe7 36. Qxg5+ Ke8 37. Qf5 Qd1 38. Qe6+ Kf8 39. Kh4 Qe2 40. Qf5+ 1-0

[Event "Late-Titled-Tuesday-Blitz-February-20-2024"]
[Site "Chess.com"]
[Date "2024.02.20"]
[Round "1"]
[White "vi_pranav"]
[Black "best926"]
[Result "1-0"]
[WhiteElo "3011"]
[BlackElo "2501"]
[TimeControl "180+1"]
[EndTime "14:07:26 PST"]
[Termination "vi_pranav won on time"]

1. Nf3 d5 2. g3 e6 3. Bg2 Nf6 4. O-O Bd6 5. d3 O-O 6. Nbd2 e5 7. e4 dxe4 8. dxe4 Nc6 9. Qe2 a5 10. Rd1 Qe7 11. Nc4 h6 12. a4 Bc5 13. h3 b6 14. c3 Ba6 15. b3 Rfd8 16. Bd2 Qe6 17. Nh4 Rd7 18. Be1 Rad8 19. Rxd7 Rxd7 20. Nf5 Kh7 21. h4 h5 22. Bh3 g6 23. Kg2 Ng4 24. Bxg4 hxg4 25. Nfe3 Bxe3 26. Qxe3 Bxc4 27. bxc4 Qxc4 28.
Bd2 Kg8 29. h5 Qd3 30. hxg6 fxg6 31. Rh1 Qxe3 32. Bxe3 Nd8 33. Rh4 Kf7 34. Rxg4 Rd3 35. Rh4 1-0

[Event "Late-Titled-Tuesday-Blitz-February-20-2024"]
[Site "Chess.com"]
[Date "2024.02.20"]
[Round "1"]
[White "Nick12772"]
[Black "aa175"]
[Result "1-0"]
[WhiteElo "2393"]
[BlackElo "2691"]
[TimeControl "180+1"]
[EndTime "14:07:26 PST"]
[Termination "Nick12772 won by checkmate"]

1. Nf3 d5 2. g3 Bf5 3. Bg2 e6 4. O-O Nf6 5. d3 Be7 6. Nbd2 O-O 7. b3 c5 8. Bb2 Nc6 9. Re1 a5 10. e4 Bg6 11. exd5 Nxd5 12. a4 Bf6 13. Qc1 Qd7 14. Nc4 Bxb2 15. Qxb2 Qc7 16. Nfe5 Nxe5 17. Nxe5 Rad8 18. Rad1 b6 19. h3 Nb4 20. Qc3 Rd4 21.
Kh2 Rfd8 22. h4 Bh5 23. Rc1 Na2 24. Qb2 Nxc1 25. Qxc1 f6 26. Nc6 Rxh4+ 27. Kg1 Rhd4 28. Nxd8 Qxd8 29. Rxe6 Bf7 30. Re4 Rxe4 31. Bxe4 g6 32. Qf4 Qd4 33. Qb8+ Kg7 34. Qxb6 Qc3 35. Qc7 Kg8 36.
Qc8+ Kg7 37. Qc7 Kh6 38. Qxf7 Qxc2 39. Qc4 Qb1+ 40. Kg2 f5 41. Bf3 Qb2 42. Qxc5 Qxb3 43. Qxa5 Qb2 44. Qb5 Qa1 45. a5 f4 46. gxf4 Qd4 47.
Qc4 Qd8 48. a6 Qb6 49. Bb7 Kh5 50. Qe4 Kh6 51. Qe3 Qb5 52. Qh3+ Kg7 53. Qe3 Kh6 54. Kg3 Qb1 55. Bg2 Qa1 56. f5+ g5 57. Qe6+ Kg7 58.
f6+ Kh6 59. f7+ Kh5 60. Qg4+ Kg6 61. f8=Q Qe5+ 62. f4 Qe1+ 63. Kf3 Qd1+ 64. Kg3 Qe1+ 65. Kh2 h6 66. Qff5+ Kg7 67. fxg5 h5 68. Qd4+ Kg8 69. Qd8+ Kg7 70. Qdf6+ Kg8 71. Q5g6# 1-0

[Event "Late-Titled-Tuesday-Blitz-February-20-2024"]
[Site "Chess.com"]
[Date "2024.02.20"]
[Round "1"]
[White "rionelG"]
[Black "adiosabu"]
[Result "0-1"]
[WhiteElo "2194"]
[BlackElo "2562"]
[TimeControl "180+1"]
[EndTime "14:07:26 PST"]
[Termination "adiosabu won by resignation"]

1. e4 c5 2. Nf3 Nc6 3. d4 cxd4 4. Nxd4 e5 5. Nb5 a6 6. Nd6+ Bxd6 7. Qxd6 Qe7 8. Qxe7+ Ngxe7 9. Nc3 d5 10. Nxd5 Nxd5 11. exd5 Nb4 12. Bd3 Nxd3+ 13. cxd3 Bf5 14. Ke2 O-O-O 15.
Be3 Rxd5 16. Rac1+ Kb8 17. Rc3 Rhd8 18. Rd1 b5 19. a3 Kb7 20. f3 h5 21. b4 f6 22.
Bc5 R8d7 23. Ke3 g5 24. h3 h4 25. Ke2 e4 26. d4 exf3+ 27. Rxf3 Bg6 28. Rxf6 Bh5+ 29.
Ke1 Bxd1 30. Kxd1 Rxc5 31. bxc5 Rxd4+ 32. Ke2 Rc4 33. Rf5 g4 34. hxg4 Rxg4 35. Kf2 Ra4 36. Rh5 Kc6 37. Kg1 Rxa3 38. Rxh4 Kxc5 39. g4 b4 40. g5 Rg3+ 41. Kf2 Rxg5 42. Rh5 Rxh5 0-1

[Event "Late-Titled-Tuesday-Blitz-February-20-2024"]
[Site "Chess.com"]
[Date "2024.02.20"]
[Round "1"]
[White "szachmistrz2500"]
[Black "DarkAlekhine"]
[Result "0-1"]
[WhiteElo "2433"]
[BlackElo "2830"]
[TimeControl "180+1"]
[EndTime "14:07:29 PST"]
[Termination "DarkAlekhine won by resignation"]

1. e4 Nf6 2. e5 Nd5 3. d4 d6 4. exd6 cxd6 5. c4 Nb6 6. Nc3 g6 7.
Nf3 Bg7 8. Be3 O-O 9. Be2 Nc6 10.
O-O Bg4 11. b3 d5 12. c5 Nc8 13. h3 Bxf3 14. Bxf3 e6 15. Rb1 N8e7 16. b4 a6 17. Ne2 Nf5 18. Qd2 Nh4 19. Bg4 h5 20. Bg5 Bf6 21. Bh6 hxg4 22. Bxf8 Qxf8 23. hxg4 g5 24. a4 a5 25. b5 Nb4 26. Rb3 Qg7 27. Rc1 Rc8 28. g3 Ng6 29. Kg2 Qf8 30. Rbc3 Qe8 31. f4 Qe7 32. Re3 Qd7 33. Rh1 Kg7 34.
Rc3 Rh8 35. Rcc1 Rxh1 36. Rxh1 Bd8 37. Rh5 Nf8 38. fxg5 Ng6 39. Nf4 e5 40. dxe5 Qxg4 41. Rh1 Bxg5 42. Qd4 Nxf4+ 0-1

[Event "Late-Titled-Tuesday-Blitz-February-20-2024"]
[Site "Chess.com"]
[Date "2024.02.20"]
[Round "1"]
[White "HamedWafa4"]
[Black "nicolasbatista3"]
[Result "1-0"]
[WhiteElo "2744"]
[BlackElo "2394"]
[TimeControl "180+1"]
[EndTime "14:07:30 PST"]
[Termination "HamedWafa4 won on time"]

1. e4 c6 2. d4 d5 3. e5 c5 4. Nf3 Nc6 5. c4 e6 6. cxd5 exd5 7. Nc3 Be6 8. Bb5 Rc8 9. O-O Qb6 10. Be3 c4 11. b3 cxb3 12. Qxb3 Ne7 13. Na4 Qc7 14.
Nc5 Nf5 15. Rfc1 Bxc5 16. Rxc5 Nxe3 17. fxe3 O-O 18. Rac1 Qb6 19. Bxc6 Rxc6 20. Qxb6 Rxb6 21. Rc7 h6 22. R1c2 Rb1+ 23. Kf2 a5 24. Rc1 Rb2+ 25. R7c2 Rb4 26. Rc5 a4 27. R1c3 b5 28. Kg3 Rb2 29.
Rc2 Rb1 30. Nd2 Rd1 31. Rxb5 Bf5 32. e4 dxe4 33. Nc4 Rxd4 34. Ne3 Bg6 35. Kf4 Rd3 36. Rb4 f6 37. e6 Re8 38. Rb7 Rxe6 39. Rcc7 Be8 40.
Rxg7+ Kf8 41. Rh7 Kg8 42. Rbg7+ Kf8 43. Nf5 1-0

[Event "Late-Titled-Tuesday-Blitz-February-20-2024"]
[Site "Chess.com"]
[Date "2024.02.20"]
[Round "1"]
[White "Zq1"]
[Black "Rud_Makarian"]
[Result "0-1"]
[WhiteElo "2511"]
[BlackElo "3068"]
[TimeControl "180+1"]
[EndTime "14:07:32 PST"]
[Termination "Rud_Makarian won on time"]

1. d4 Nf6 2. c4 e6 3. Nf3 d5 4. Nc3 Be7 5. Bg5 O-O 6. e3 h6 7.
Bh4 Nbd7 8. a3 dxc4 9. Bxc4 a6 10. Ba2 b5 11. O-O Bb7 12. Qe2 c5 13. Rfd1 c4 14.
Ne5 Nxe5 15. Bxf6 Nf3+ 16. gxf3 Bxf6 17. Bb1 g6 18. Be4 Bd5 19. Bxd5 exd5 20. f4 Qd7 21.
Qf3 Rfd8 22. Kh1 Qf5 23. Rg1 Rab8 24. Qg4 Qxg4 25. Rxg4 a5 26. f5 g5 27. Rgg1 Be7 28. Kg2 Kg7 29. f4 Kf6 30. fxg5+ hxg5 31. Rgf1 Kg7 32.
Rad1 b4 33. axb4 axb4 34. Ne2 Ra8 35. Ng3 Bd6 36. Nh5+ Kf8 37. Nf6 Ra2 38. Rf2 Be7 39. Nh7+ Kg7 40. f6+ Kxh7 41. fxe7 Re8 42. Rxf7+ Kg6 43.
Rdf1 Ra6 44. Kg3 Re6 45. Kg4 Re4+ 46. Kg3 Rxe3+ 0-1

[Event "Late-Titled-Tuesday-Blitz-February-20-2024"]
[Site "Chess.com"]
[Date "2024.02.20"]
[Round "1"]
[White "David_George21"]
[Black "SRob2003"]
[Result "1-0"]
[WhiteElo "2379"]
[BlackElo "2675"]
[TimeControl "180+1"]
[EndTime "14:07:32 PST"]
[Termination "David_George21 won on time"]

1. e4 c6 2. d4 d5 3. e5 Bf5 4. h4 h5 5. Bd3 Bxd3 6. Qxd3 e6 7. Nf3 Qa5+ 8. Nbd2 Qa6 9. c4 Ne7 10. b3 Nd7 11.
O-O Nf5 12. Bb2 Be7 13. g3 c5 14. Qb1 dxc4 15. Nxc4 cxd4 16. Nxd4 Nxd4 17. Bxd4 O-O 18. Qe4 Rac8 19. Kg2 b5 20. Ne3 Bc5 21. Rfd1 Rfd8 22.
a4 Bxd4 23. Qxd4 Qb7+ 24. Kg1 b4 25. Nc4 Nc5 26. Qe3 Qe4 27. Rxd8+ Rxd8 28. Qxc5 Rd3 29.
Nd6 Qe2 30. Qc4 Qd2 31. Rf1 Qe2 32. Qe4 Qd2 33. Nc4 Qc3 34. Na5 Rd2 35. Qa8+ Kh7 36. Qe4+ g6 37. Qf4 Kg8 38. Nb7 Re2 39. Nd6 Qc7 40.
Qf6 Rb2 41. Kg2 1-0

[Event "Late-Titled-Tuesday-Blitz-February-20-2024"]
[Site "Chess.com"]
[Date "2024.02.20"]
[Round "1"]
[White "maroro07"]
[Black "ChessSkool"]
[Result "0-1"]
[WhiteElo "2383"]
[BlackElo "2737"]
[TimeControl "180+1"]
[EndTime "14:07:33 PST"]
[Termination "ChessSkool won by resignation"]

1. e4 c6 2. Nf3 d5 3. Nc3 Bg4 4. d4 e6 5. h3 Bh5 6. g4 Bg6 7. exd5 cxd5 8. h4 Nc6 9. Bb5 Bb4 10. Ne5 Qb6 11. Bxc6+ bxc6 12. h5 Be4 13. f3 f6 14. Nc4 dxc4 15. fxe4 O-O-O 16. Be3 e5 17. g5 exd4 18. Qg4+ Kb7 19. gxf6 gxf6 20. Qg7+ Ne7 21. Bf2 Rhg8 22. Qxf6 Rgf8 23. Qh4 Rxf2 24. Qxf2 dxc3 25. Qxb6+ axb6 26. b3 cxb3 27. axb3 Rd2 28. Ra2 Rg2 29. Rf1 Rg4 30. Rf7 Rxe4+ 31. Kf2 h6 32. Ra4 c5 33. Rh7 Re6 34. Kf3 Kc6 35. Ra8 Nf5 36. Rc8+ Kb5 37. Rf8 Nd4+ 38. Kg4 Nxc2 39. Rb8 Nd4 40. Ra7 c2 41. Ra1 Nxb3 42. Ra2 c1=Q 0-1

[Event "Late-Titled-Tuesday-Blitz-February-20-2024"]
[Site "Chess.com"]
[Date "2024.02.20"]
[Round "1"]
[White "MKlose11"]
[Black "BebeBonito2022"]
[Result "1/2-1/2"]
[WhiteElo "2609"]
[BlackElo "2314"]
[TimeControl "180+1"]
[EndTime "14:07:35 PST"]
[Termination "Game drawn by repetition"]

1. e4 e5 2. Nf3 Nc6 3. d4 exd4 4. Bc4 Nf6 5. O-O Nxe4 6. Re1 d5 7. Bxd5 Qxd5 8.
Nc3 Qa5 9. Nxe4 Be6 10. Neg5 O-O-O 11. Nxe6 fxe6 12. Rxe6 Qd5 13. Qe2 h6 14. Bd2 Bc5 15. Qe4 Qxe4 16. Rxe4 Rhe8 17. Rae1 Rxe4 18. Rxe4 Kd7 19.
Kf1 Re8 20. Rxe8 Kxe8 21. Ke2 Kd7 22. Kd3 b5 23. a3 Ke6 24. Bf4 Bb6 25. Ke4 g5 26.
Be5 Nxe5 27. Nxe5 c5 28. h3 Bc7 29. Nd3 Bb6 30. f4 c4 31. Nc1 gxf4 32. Kxf4 Kd5 33. g4 Ba5 34. Kf3 Bd2 35. Ne2 d3 36. cxd3 cxd3 37.
Ng3 Bc1 38. b3 Kd4 39. a4 bxa4 40. bxa4 Kc3 41. Nf5 Bg5 42. a5 d2 43. Ke2 Kc2 44.
Nd4+ Kc1 45. Nb3+ Kc2 46. Nd4+ Kc1 47. Nb3+ Kc2 48. Nd4+ 1/2-1/2

[Event "Late-Titled-Tuesday-Blitz-February-20-2024"]
[Site "Chess.com"]
[Date "2024.02.20"]
[Round "1"]
[White "Sicupira"]
[Black "NoHeThTo"]
[Result "0-1"]
[WhiteElo "2287"]
[BlackElo "2608"]
[TimeControl "180+1"]
[EndTime "14:07:36 PST"]
[Termination "NoHeThTo won by resignation"]

1. e4 d6 2. d4 Nf6 3. Nc3 g6 4. Bg5 Bg7 5. Qd2 c6 6. Bh6 Bxh6 7. Qxh6 Nbd7 8. O-O-O Qa5 9. Kb1 b5 10. f3 b4 11. Nce2 Rb8 12. Nc1 Qh5 13. Qe3 Nb6 14. g4 Qa5 15. g5 Nfd7 16. f4 Ba6 17. Bxa6 Qxa6 18. b3 c5 19. Nf3 c4 20. d5 c3 21.
Qd4 O-O 22. Nd3 Nc5 23. Nxb4 Qa3 24. Qxc3 Nba4 25. Qa1 Rxb4 26. Nd4 Nxe4 27. Rd3 Rxd4 28. Qxd4 Nec3+ 29. Qxc3 Nxc3+ 30. Rxc3 Qa5 31. Rd3 Qb4 32. Rf1 a5 33. Kb2 a4 34. a3 Qb5 35. b4 Rc8 36. Rf2 Rc4 37. h4 Re4 38. f5 gxf5 39. Rxf5 Qc4 40. h5 Re2 41. Rc3 Qd4 42. Rf3 Re5 43. g6 hxg6 44. hxg6 fxg6 45. Rd3 Qg4 46. Rc7 Qf5 47. Ra7 Rxd5 48. Rxd5 Qxd5 49. Rxa4 Qd4+ 50. Kb3 e5 51. Ra8+ Kf7 52. a4 Qd5+ 0-1